 Dungeon Crawl Stone Soup version 0.19-a0-683-g5f2401d (webtiles) character file.

3541 st0uf the Cleaver (level 10, -6/76 HPs)
             Began as a Formicid Fighter on June 17, 2016.
             Was a Priest of Kikubaaqudgha.
             Mangled by an orc warrior
             ... wielding a +0 long sword
              (10 damage)
             ... on level 9 of the Dungeon.
             The game lasted 00:36:45 (9400 turns).

st0uf the Cleaver (Formicid Fighter)                Turns: 9400, Time: 00:36:46

Health: -6/76      AC:  4    Str: 26    XL:     10   Next: 29%
Magic:  9/14       EV: 14    Int:  8    God:    Kikubaaqudgha [***...]
Gold:   350        SH: 15    Dex: 13    Spells: 4 memorised, 7 levels left

rFire  + . .     SeeInvis +     a - +0 war axe
rCold  . . .     Gourm    .     x - +1 leather armour {rF+}
rNeg   . . .     Faith    .     c - +0 shield
rPois  .         Spirit   .     (helmet unavailable)
rElec  .         Dismiss  .     (no cloak)
rCorr  .         Reflect  +     (no gloves)
SustAt .         Harm     .     (no boots)
MR     +....                    C - +4 amulet of reflection
Stlth  +.........               (no ring)
                                (no ring)

@: mighty, very slightly contaminated, somewhat resistant to hostile
enchantments, very unstealthy
A: permanent stasis, dig shafts and tunnels, four strong arms, antennae 3
a: Dig, Shaft Self, Receive Corpses, Renounce Religion


You were on level 9 of the Dungeon.
You worshipped Kikubaaqudgha.
Kikubaaqudgha was most pleased with you.
You were hungry.

You visited 2 branches of the dungeon, and saw 11 of its levels.

You collected 499 gold pieces.
You spent 149 gold pieces at shops.

Inventory:

Hand Weapons
 a - a +0 war axe (weapon)
 j - a +0 hunting sling
Missiles
 m - 251 stones (quivered)
 r - 38 sling bullets
Armour
 c - a +0 shield (worn)
 x - a +1 leather armour of fire resistance (worn)
Jewellery
 C - a +4 amulet of reflection (around neck)
Wands
 b - a wand of flame (29/48)
 y - a wand of iceblast (5/15)
 F - a wand of digging (9/24)
Scrolls
 g - 2 scrolls of blinking {unknown}
 i - 2 scrolls of fear {unknown}
 k - 2 scrolls of enchant armour {unknown}
 n - 2 scrolls of noise {unknown}
 o - 3 scrolls of recharging {unknown}
 p - 2 scrolls of random uselessness {unknown}
 q - a scroll of enchant weapon {unknown}
 w - 7 scrolls of identify
 z - a scroll of acquirement {unknown}
 E - 2 scrolls of remove curse {unknown}
 K - a scroll of teleportation {unknown}
 N - a scroll of torment {unknown}
 P - a scroll of vulnerability {unknown}
Potions
 d - 2 potions of might
 e - 3 potions of degeneration
 h - 3 potions of curing
 l - a potion of berserk rage
 s - 2 potions of magic
 B - a potion of heal wounds {unknown}
 D - a potion of flight
 G - a potion of beneficial mutation {unknown}
 L - 2 potions of cure mutation
 M - a potion of brilliance {unknown}
 O - a potion of agility {unknown}
Books
 t - Kikubaaqudgha's Compendium of Necromancy
   (Kikubaaqudgha gifted it to you on level 2 of the Dungeon)

   Spells                             Type                      Level
   a - Pain                           Necromancy                   1
   b - Corpse Rot                     Necromancy                   2
   c - Sublimation of Blood           Necromancy                   2
   d - Regeneration                   Charms/Necromancy            3
   e - Control Undead                 Necromancy                   4
 J - a book of Debilitation

   Spells                             Type                      Level
   a - Corona                         Hexes                        1
   b - Slow                           Hexes                        2
   c - Gell's Gravitas                Hexes/Translocation          3
   d - Inner Flame                    Hexes/Fire                   3
   e - Cause Fear                     Hexes                        4
   f - Leda's Liquefaction            Hexes/Earth                  4
 Q - Kikubaaqudgha's Reference Book on Sinister Magic
   (Kikubaaqudgha gifted it to you on level 9 of the Dungeon)

   Spells                             Type                      Level
   a - Excruciating Wounds            Charms/Necromancy            5
   b - Bolt of Draining               Conjuration/Necromancy       5
   c - Cigotuvi's Embrace             Necromancy                   5
   d - Dispel Undead                  Necromancy                   5
   e - Death Channel                  Necromancy                   6
Comestibles
 f - 5 bread rations
 u - 10 slices of pizza
 v - a beef jerky
 A - 5 fruits
 H - a chunk of flesh
 I - 2 meat rations


   Skills:
 + Level 5.9 Fighting
 * Level 8.0 Axes
 + Level 5.1 Armour
 + Level 4.9 Dodging
 + Level 7.6 Shields
 + Level 3.0 Spellcasting
 * Level 5.3 Necromancy


You had 7 spell levels left.
You knew the following spells:

 Your Spells              Type           Power        Failure   Level  Hunger
a - Pain                  Necr           #...         6%          1    ##.....
b - Regeneration          Chrm/Necr      #.........   61%         3    ####...
c - Corpse Rot            Necr           N/A          10%         2    ###....
d - Sublimation of Blood  Necr           #.........   10%         2    ###....


Dungeon Overview and Level Annotations

Branches:
Dungeon (10/15)            Temple (1/1) D:4            Lair (0/6) D:8
    Orc: D:9-12

Altars:
Ashenzari
Cheibriados
Dithmenos
Fedhas
Gozag
Hepliaklqana
Kikubaaqudgha
Makhleb
Nemelex Xobeh
Okawaru
Pakellas
Qazlal
Ru
Sif Muna
Vehumet
Xom
Yredelemnul
Zin

Shops:
D:5 [   D:9 *

Annotations:
D:3 exclusion: door
D:7 Prince Ribbit; WereVolvo's ghost, novice OpTm


Innate Abilities, Weirdness & Mutations

You are under a permanent stasis effect.
You can dig through walls and to a lower floor.
Your four strong arms can wield two-handed weapons with a shield.
You have a pair of large antennae on your head. (SInv)


Message History

Aiming: Pain
Press: ? - help, Shift-Dir - straight line, f - orc warrior
Aim: an orc warrior, wielding a long sword and wearing a plate armour (moderately wounded, chance to defeat MR: 60%)
The orc warrior convulses in agony!
The orc warrior completely misses you.
Casting: Pain
Confirm with . or Enter, or press ? or * to list all spells.
Aiming: Pain
Press: ? - help, Shift-Dir - straight line, f/p - orc warrior
Aim: an orc warrior, wielding a long sword and wearing a plate armour (moderately wounded, chance to defeat MR: 60%)
The orc warrior resists with significant effort.
The orc warrior hits you with a long sword!
* * * LOW HITPOINT WARNING * * *
Casting: Pain
Confirm with . or Enter, or press ? or * to list all spells.
You miscast Regeneration.
You are very lightly contaminated with residual magic.
Kikubaaqudgha protects you from your miscast necromantic spell!
The orc warrior hits you with a long sword!
You die...
Kikubaaqudgha rasps: "You have failed me!
Welcome... death!"

#+#### #....######
######+ #.........#
.......##.........#
..................#
.........?........#
......)...........#
......)o@.........#
......))..........#
.......##.....###'#######
....... #.....#..∩.......
....... #.....#...######.
....... #.....#...#
....... ......#...#
....... ......#...# #...#


You could see an orc warrior.

Vanquished Creatures
  Psyche (D:9)
  A two-headed ogre (D:8)
  A spriggan (D:8)
  A hippogriff (D:6)
  Menkaure (D:7)
  An orc warrior (D:10)
  An ice beast (D:7)
  3 ogres
  A phantom (D:4)
  2 centaurs
  Blork the orc (D:5)
  2 giant frogs
  2 scorpions
  3 killer bees (D:8)
  A howler monkey (D:4)
  4 wights (D:5)
  6 crimson imps
  A centaur zombie (D:5)
  7 hounds
  2 jellies
  6 orc wizards
  5 orc priests
  3 iguanas
  A giant frog skeleton (D:8)
  5 worker ants
  2 hound zombies (D:8)
  A howler monkey zombie (D:5)
  A worker ant zombie (D:5)
  11 adders
  3 shadow imps
  An ooze (D:4)
  An adder skeleton (D:8)
  A worm (D:5)
  A dart slug (D:1)
  7 giant geckos
  17 orcs
  4 ball pythons
  12 bats
  11 giant cockroaches
  14 hobgoblins
  9 jackals
  4 quokkas
  6 giant newts
  5 goblins
  5 kobolds
  A quokka skeleton (D:8)
  6 rats
185 creatures vanquished.

Vanquished Creatures (others)
  A troll (D:3)
  A fungus (D:8)
2 creatures vanquished.

Grand Total: 187 creatures vanquished

Notes
Turn   | Place    | Note
--------------------------------------------------------------
     0 | D:1      | st0uf the Formicid Fighter began the quest for the Orb.
     0 | D:1      | Reached XP level 1. HP: 18/18 MP: 1/1
    71 | D:1      | Reached XP level 2. HP: 22/24 MP: 2/2
   497 | D:1      | Reached XP level 3. HP: 27/29 MP: 3/3
   672 | D:2      | You fall through a shaft!
   954 | D:3      | Reached XP level 4. HP: 34/37 MP: 4/4
   989 | D:3      | Found a basalt altar of Yredelemnul.
  1214 | D:2      | Found a glowing silver altar of Zin.
  1287 | D:2      | Reached skill level 3 in Axes
  1316 | D:2      | Found a faded altar of an unknown god.
  1691 | D:2      | Became a worshipper of Kikubaaqudgha
  1691 | D:2      | Reached * piety under Kikubaaqudgha
  1691 | D:2      | Received a gift from Kikubaaqudgha
  1691 | D:2      | Identified Kikubaaqudgha's Compendium of Necromancy (Kikubaaqudgha gifted it to you on level 2 of the Dungeon)
  1913 | D:3      | Found an oddly glowing altar of Pakellas.
  1913 | D:3      | Noticed a troll
  1930 | D:3      | Killed a troll
  1930 | D:3      | Noticed an acid blob
  2028 | D:3      | Reached XP level 5. HP: 37/42 MP: 5/5
  2106 | D:3      | Reached skill level 1 in Necromancy
  2882 | D:3      | Reached XP level 6. HP: 48/48 MP: 6/6
  3086 | D:4      | Reached skill level 1 in Dodging
  3465 | D:4      | Reached skill level 4 in Axes
  3487 | D:4      | Reached XP level 7. HP: 43/54 MP: 7/7
  3593 | D:4      | Found an opulent altar of Gozag.
  3698 | D:4      | Learned a level 1 spell: Pain
  3702 | D:4      | Learned a level 3 spell: Regeneration
  3723 | D:4      | Found a staircase to the Ecumenical Temple.
  4028 | D:4      | Found a shattered altar of Ashenzari.
  4271 | Temple   | Entered the Ecumenical Temple
  4356 | D:4      | Reached skill level 5 in Shields
  4478 | D:5      | Entered Level 5 of the Dungeon
  4532 | D:5      | Found a shimmering altar of Xom.
  4562 | D:5      | Found Wetahan's Antique Armour Shoppe.
  4573 | D:5      | Bought a glowing leather armour for 36 gold pieces
  5008 | D:5      | Found Yjug Fel's Armour Shoppe.
  5015 | D:5      | Reached XP level 8. HP: 55/61 MP: 5/8
  5136 | D:5      | Reached skill level 5 in Axes
  5136 | D:5      | Reached skill level 1 in Spellcasting
  5524 | D:5      | Found a stormy altar of Qazlal.
  6498 | D:6      | Noticed Blork the orc
  6517 | D:6      | Reached skill level 5 in Fighting
  6517 | D:6      | Reached skill level 6 in Axes
  6534 | D:5      | HP: 3/62 [Blork the orc/short sword (6)]
  6540 | D:5      | HP: 1/93 [something/wand of flame (1)]
  6541 | D:5      | Killed Blork the orc
  6541 | D:5      | Reached XP level 9. HP: 2/68 MP: 11/11
  7024 | D:6      | Reached ** piety under Kikubaaqudgha
  7066 | D:6      | Found a blossoming altar of Fedhas.
  7260 | D:6      | Reached skill level 5 in Armour
  7423 | D:7      | Noticed Menkaure
  7436 | D:7      | Killed Menkaure
  7694 | D:7      | Noticed Prince Ribbit
  7711 | D:7      | Noticed WereVolvo's ghost (novice OpTm)
  7750 | D:8      | Reached skill level 7 in Axes
  8166 | D:8      | Learned a level 2 spell: Corpse Rot
  8169 | D:8      | Learned a level 2 spell: Sublimation of Blood
  8547 | D:8      | Found a staircase to the Lair.
  8655 | D:8      | Noticed a two-headed ogre
  8665 | D:8      | Killed a two-headed ogre
  8665 | D:8      | Reached XP level 10. HP: 66/76 MP: 9/13
  9013 | D:7      | You fall through a shaft for 3 floors!
  9013 | D:10     | Entered Level 10 of the Dungeon
  9058 | D:10     | Reached skill level 5 in Necromancy
  9327 | D:10     | Noticed a four-headed hydra
  9360 | D:9      | Found Qukk's Assorted Antiques.
  9367 | D:9      | Bought a scroll labeled YWUPRA TAINKON for 29 gold pieces
  9367 | D:9      | Bought a scroll labeled VUM MUEHUADGH for 29 gold pieces
  9367 | D:9      | Bought a metallic emerald potion for 26 gold pieces
  9367 | D:9      | Bought a scroll labeled KIESEIBUOR for 29 gold pieces
  9378 | D:9      | Noticed Psyche
  9381 | D:9      | Reached *** piety under Kikubaaqudgha
  9381 | D:9      | Received a gift from Kikubaaqudgha
  9382 | D:9      | Identified Kikubaaqudgha's Reference Book on Sinister Magic (Kikubaaqudgha gifted it to you on level 9 of the Dungeon)
  9394 | D:9      | Killed Psyche
  9394 | D:9      | Reached skill level 8 in Axes
  9398 | D:9      | HP: 3/76 [orc warrior/long sword (11)]
  9400 | D:9      | Mangled by an orc warrior

Vault maps used:
D:1:      matt_arrival_grand_opening, minivault_26
D:2:      lemuel_crystal_altar, ecumenical_altar_2
D:3:      yredelemnul_forgotten_temple_becter, gammafunk_pakellas_its_alive
D:4:      lemuel_crystal_altar, minmay_temple_entry_hall, first_bread,
          grunt_gozag_statues
D:5:      overflow_temple_1_default, serial_shops, shop_statue, shop,
          basic_altar
D:6:      lemuel_coloured_pillars_altar, dk_noncrumbling_3, uniq_blork_the_orc
D:7:      nicolae_tso_carved_into_rock, nicolae_overflow_hidden_temple,
          uniq_prince_ribbit1, uniq_menkaure, uniq_joseph
D:8:      dpeg_oklobed_lair, grunt_pizzeria
D:9:      lemuel_doored_altar, marbit_many_paths, serial_shops, shop,
          uniq_psyche
Temple:   circular_temple_12

Skill      XL: |  1  2  3  4  5  6  7  8  9 10 |
---------------+-------------------------------+-----
Shields        | 4 5 6 7 |  7.6
Axes           | 3 4 6 7 8 |  8.0
Necromancy     | 1 2 3 4 5 |  5.3
Fighting       | 4 5 |  5.9
Armour         | 4 5 |  5.1
Dodging        | 1 2 3 4 |  4.9
Spellcasting   | 1 2 3 |  3.0

Action                   |  1- 3 |  4- 6 |  7- 9 | 10-12 || total
-------------------------+-------+-------+-------+-------++-------
Melee: War axe           |   100 |   181 |   391 |    82 ||   754
 Cast: Pain              |       |       |    31 |     2 ||    33
Invok: Receive Corpses   |       |     4 |       |       ||     4
 Abil: Dig               |       |     5 |    10 |     5 ||    20
  Use: Scroll            |       |     4 |       |       ||     4
       Potion            |       |     1 |     3 |     1 ||     5
 Stab: Distracted        |       |     1 |       |       ||     1
  Eat: Chunk             |       |    10 |    12 |     3 ||    25
       Beef jerky        |       |       |     1 |       ||     1
       Meat ration       |       |       |     1 |       ||     1
       Pizza             |       |       |     1 |       ||     1
Armor: Scale mail        |    43 |    66 |    38 |       ||   147
       Leather armour    |       |       |    62 |     9 ||    71
       Skin              |       |       |     1 |       ||     1
Dodge: Dodged            |    33 |    60 |   151 |    23 ||   267
Block: Shield            |    55 |   111 |   235 |    53 ||   454
       Reflection        |       |       |     5 |       ||     5
